 Dungeon Crawl Stone Soup version 0.23.2-1-ga50397a (webtiles) character file.

Game seed: 550800819143696762

827 SidEye the Skirmisher (level 7, -1/72 HPs)
             Began as a Deep Dwarf Fighter on May 9, 2019.
             Killed by nerve-wracking pain
             ... invoked by a shadow imp
              (7 damage)
             ... on level 5 of the Dungeon.
             The game lasted 00:19:18 (3543 turns).

SidEye the Skirmisher (Deep Dwarf Fighter)          Turns: 3543, Time: 00:19:19

Health: -1/72      AC:  8    Str: 19    XL:     7   Next: 64%
Magic:  0/0        EV:  9    Int:  9    God:
Gold:   244        SH: 10    Dex: 17    Spells: 6/6 levels left

rFire    . . .     SeeInvis .   a - +0 war axe
rCold    . . .     Gourm    .   c - +0 shield
rNeg     . . .     Faith    .   b - +0 scale mail
rPois    .         Spirit   .   (no helmet)
rElec    .         Reflect  .   p - scarf {cloud immunity}
rCorr    .         Harm     .   q - +0 pair of gloves
MR       +....     Clarity  +   (no boots)
Stlth    ..........             (no amulet)
HPRegen  0.00/turn              o - +3 ring of dexterity
MPRegen  0.07/turn              (no ring)

@: very slightly contaminated, non-regenerating
A: damage resistance, heal wounds, repulsion field 1, clarity, sense
surroundings 1, no regeneration
a: Heal Wounds


You were on level 5 of the Dungeon.
You were not hungry.

You visited 1 branch of the dungeon, and saw 5 of its levels.

You collected 244 gold pieces.

Inventory:

Hand Weapons
 a - a +0 war axe (weapon)
Armour
 b - a +0 scale mail (worn)
 c - a +0 shield (worn)
 p - a scarf of cloud immunity (worn)
 q - a +0 pair of gloves (worn)
Jewellery
 o - a +3 ring of dexterity (left hand)
Wands
 x - a wand of polymorph (6)
Scrolls
 e - a scroll of enchant weapon
 g - 6 scrolls of identify
 h - 2 scrolls of blinking
 i - 2 scrolls of remove curse
 m - a scroll of teleportation
 n - a scroll of noise
 s - a scroll of enchant armour {unknown}
 v - a scroll of amnesia {unknown}
Potions
 d - a potion of might
 k - a potion of heal wounds {unknown}
 l - 2 potions of brilliance
 r - a potion of haste
 t - a potion of invisibility {unknown}
 u - a potion of curing {unknown}
 w - a potion of berserk rage {unknown}
Comestibles
 f - 7 rations


   Skills:
 * Level 7.0 Fighting
 - Level 2.2 Axes
 - Level 5.4 Armour
 + Level 4.6 Shields


You had 6 spell levels left.
You didn't know any spells.
Your spell library was empty.

Dungeon Overview and Level Annotations

Branches:
Dungeon (5/15)
 Temple: D:4-7

Altars:
The Shining One

Annotations:
D:5 1 transporter


Innate Abilities, Weirdness & Mutations

You are resistant to damage.
You can heal yourself by infusing magical energy.
You passively map a small area around you.
You do not regenerate.
You are surrounded by a mild repulsion field. (EV +2)
You possess an exceptional clarity of mind.


Message History

Aim: a shadow imp (moderately wounded)
You throw a tomahawk. The tomahawk hits the shadow imp.
The shadow imp is severely wounded.
The shadow imp shouts, "Fly, thou gleeking beef-witted death-token!"
Okay, then.
Blink to where?
Press: ? - help, Dir - move target cursor, p - shadow imp There's something in the way.
There's something in the way.
Okay, then.
Blink to where?
Press: ? - help, Dir - move target cursor, p - shadow imp You are very lightly contaminated with residual magic.
As you read the scroll of blinking, it crumbles to dust.
The shadow imp gestures at you. Pain shoots through your body!
You open the door. The shadow imp gestures at you.
Pain shoots through your body!
You die...

..# ######.....>.#
..###....'.......#
....).####.......######
..###.................#
..###.###############.#
......#8P#...5...#≈8#.#
#.###.#P.#≈≈≈≈≈≈≈#.P#.##
#.##..#..#..≈≈≈..#.$#..##
#.#..©#©.'..≈♣≈.@'?©#©..#
#.#...#..#..≈≈≈..#.$#...#
#.....#P.#≈≈≈≈≈≈≈#.P#.#.#
......#8P#.55....#≈8#...#
...#..###############..##
.......................#######
.........#######.............#
.....###.# #.............#
##.....#.# #.............#


You could see 3 shadow imps.

Vanquished Creatures
  A necrophage (D:5)
  A phantom (D:3)
  A centaur (D:5)
  A scorpion (D:3)
  A jelly (D:4)
  A crimson imp (D:5)
  4 orc priests
  A centaur skeleton (D:4)
  3 iguanas
  A worker ant (D:4)
  A hound zombie (D:5)
  A hound skeleton (D:5)
  3 gnolls (D:5)
  4 adders
  An adder skeleton (D:5)
  A worm (D:2)
  4 dart slugs
  3 leopard geckos
  7 orcs
  14 bats
  7 giant cockroaches
  8 goblins
  5 hobgoblins
  3 jackals (D:2)
  11 kobolds
  4 quokkas
  3 ball pythons
  5 frilled lizards
  5 rats
105 creatures vanquished.

Notes
Turn   | Place    | Note
-------+----------+-------------------------------------------
     0 | D:1      | SidEye the Deep Dwarf Fighter began the quest for the Orb.
     0 | D:1      | Reached XP level 1. HP: 20/20 MP: 1/1
    71 | D:1      | Reached skill level 3 in Fighting
    85 | D:1      | Reached XP level 2. HP: 22/28 MP: 2/2
   236 | D:1      | Reached XP level 3. HP: 29/34 MP: 3/3
   886 | D:2      | Reached skill level 4 in Fighting
   886 | D:2      | Reached XP level 4. HP: 27/44 MP: 4/4
  1322 | D:2      | Reached XP level 5. HP: 36/51 MP: 3/3
  1580 | D:3      | Found a glowing golden altar of the Shining One.
  1633 | D:3      | Reached skill level 5 in Fighting
  1870 | D:4      | Noticed a phantom
  1913 | D:3      | Gained mutation: You possess an exceptional clarity of
                  | mind. [potion of mutation]
  1913 | D:3      | Gained mutation: You are surrounded by a mild repulsion
                  | field. (EV +2) [potion of mutation]
  1954 | D:3      | Reached skill level 5 in Armour
  1954 | D:3      | Reached XP level 6. HP: 39/61 MP: 3/3
  2024 | D:5      | Entered Level 5 of the Dungeon
  2341 | D:4      | Reached skill level 6 in Fighting
  2694 | D:5      | Reached XP level 7. HP: 25/69 MP: 1/1
  2770 | D:5      | Found a transporter.
  2790 | D:5      | Found a transporter.
  3536 | D:5      | Reached skill level 7 in Fighting
  3543 | D:5      | Killed from afar by a shadow imp

Skill      XL: |  1  2  3  4  5  6  7 |
---------------+----------------------+-----
Fighting       | 3 4 5 6 7 |  7.0
Armour         | 4 5 |  5.4
Shields        | 4 |  4.6
Axes           | |  2.2

Action                   |  1- 3 |  4- 6 |  7- 9 || total
-------------------------+-------+-------+-------++-------
Melee: War axe           |   124 |   222 |    90 ||   436
Throw: Stone             |       |     7 |       ||     7
       Tomahawk          |       |    18 |    34 ||    52
 Abil: Heal Wounds       |     1 |     9 |     5 ||    15
  Use: Scroll            |     1 |     9 |     1 ||    11
       Potion            |       |     4 |       ||     4
  Eat: Chunk             |       |     3 |     1 ||     4
       Ration            |       |     1 |     1 ||     2
Armor: Scale mail        |    70 |   105 |    22 ||   197
Dodge: Dodged            |    40 |    85 |    40 ||   165
Block: Shield            |    70 |   124 |    50 ||   244
